 Dungeon Crawl Stone Soup version 0.20-a0-848-g73d9be0 (webtiles) character file.

273 Alarkh the Slasher (level 6, 39/48 HPs)
             Began as a Demonspawn Fighter on Mar 9, 2017.
             Quit the game on level 3 of the Dungeon.
             The game lasted 00:03:26 (3706 turns).

Alarkh the Slasher (Demonspawn Fighter)             Turns: 3706, Time: 00:03:27

Health: 39/48      AC:  5    Str: 16    XL:     6   Next: 2%
Magic:  4/6        EV: 10    Int: 12    God:
Gold:   197        SH:  9    Dex: 12    Spells: 5/5 levels left

rFire    . . .     SeeInvis .   a - +1 long sword
rCold    + . .     Gourm    .   p - +2 robe {rC+}
rNeg     . . .     Faith    .   c - +0 shield
rPois    .         Spirit   +   (no helmet)
rElec    .         Reflect  .   k - +0 cloak
rCorr    .         Harm     .   (no gloves)
MR       .....                  (no boots)
Stlth    +.........             (no amulet)
Regen    0.2/turn               (no ring)
MPRegen  0.1/turn               j - ring of flight

@: no status effects
A: talons 1, demonic guardian 2, magic shield
a: Evoke Flight


You were on level 3 of the Dungeon.
You were not hungry.

You visited 1 branch of the dungeon, and saw 3 of its levels.

You collected 197 gold pieces.

Inventory:

Hand Weapons
 a - a +1 long sword (weapon)
Armour
 b - a +0 scale mail
 c - a +0 shield (worn)
 k - a +0 cloak (worn)
 n - a +0 scale mail of poison resistance
 p - a +2 robe of cold resistance (worn)
Jewellery
 j - a ring of flight (left hand)
 r - an uncursed ring of teleportation
Scrolls
 e - a scroll of recharging
 g - 2 scrolls of random uselessness {unknown}
 o - a scroll of blinking
Potions
 d - a potion of might
Comestibles
 f - 3 bread rations
 h - a fruit
 i - 2 chunks of flesh
 l - 2 meat rations
 m - a royal jelly


   Skills:
 + Level 3.7 Fighting
 * Level 3.8 Long Blades
 + Level 3.3 Armour
 + Level 2.0 Dodging
 + Level 3.5 Shields


You had 5 spell levels left.
You didn't know any spells.

Dungeon Overview and Level Annotations

Branches:
Dungeon (3/15)

Altars:


Innate Abilities, Weirdness & Mutations

You have sharp toenails.
A demonic guardian rushes to your aid.
When hurt, damage is shared between your health and your magic reserves.


Message History

a dagger; an adder corpse You block the orc's attack.
You hit the orc.
The orc is heavily wounded.
You block the orc's attack.
You barely miss the orc. You claw the orc, but do no damage.
The orc is heavily wounded.
You block the orc's attack.
You barely miss the orc. You claw the orc, but do no damage.
The orc is heavily wounded.
The orc closely misses you. The orc hits you.
You hit the orc but do no damage. You claw the orc, but do no damage.
The orc is heavily wounded.
You block the orc's attack.
You slash the orc!
You kill the orc!
No target in view!
No target in view!
No target in view!
Are you sure you want to abandon this character and quit the game? (Confirm with "yes".)

####........#.#
#.....####..#.#
#.##..####....#
#.##..........#
..##.......#.####
#.##.####.###....
#.##.# ##.#.####
#.###.##.# ##.##
#..[@)...# ##+##
#####<#### ##...## #.#
##.....## ##.##
##.......##
#####...####.........#
...........'.......(.'
####...####.........#
##.## ##.......## #.#
##.....##


There were no monsters in sight!

Vanquished Creatures
  4 gnolls (D:3)
  7 adders
  2 worms (D:3)
  A dart slug (D:1)
  3 leopard geckos
  3 orcs (D:3)
  2 giant cockroaches (D:1)
  6 goblins
  7 hobgoblins
  4 jackals
  7 kobolds
  A ball python (D:2)
  10 bats
  5 frilled lizards
  4 rats
66 creatures vanquished.

Vanquished Creatures (collateral kills)
  Sigmund (D:2)
1 creature vanquished.

Grand Total: 67 creatures vanquished

Notes
Turn   | Place    | Note
-------+----------+-------------------------------------------
     0 | D:1      | Alarkh the Demonspawn Fighter began the quest for the Orb.
     0 | D:1      | Reached XP level 1. HP: 18/18 MP: 1/1
   362 | D:1      | Gained mutation: You have sharp toenails. [demonic ancestry]
   362 | D:1      | Reached XP level 2. HP: 22/24 MP: 2/2
  1045 | D:2      | Reached XP level 3. HP: 20/29 MP: 3/3
  1063 | D:2      | Reached skill level 1 in Dodging
  1559 | D:2      | Gained mutation: A weak demonic guardian rushes to your aid. [demonic ancestry]
  1559 | D:2      | Reached XP level 4. HP: 24/35 MP: 4/4
  1842 | D:2      | Noticed Sigmund
  2372 | D:2      | Killed Sigmund
  2372 | D:2      | Gained mutation: A demonic guardian rushes to your aid. [demonic ancestry]
  2372 | D:2      | Reached XP level 5. HP: 17/41 MP: 5/5
  3691 | D:3      | Gained mutation: When hurt, damage is shared between your health and your magic reserves. [demonic ancestry]
  3691 | D:3      | Reached XP level 6. HP: 47/48 MP: 6/6
  3706 | D:3      | Quit the game

Vault maps used:
D:1:      dpeg_arrival_short_road, kennysheep_nondescript
D:2:      uniq_sigmund

Skill      XL: |  1  2  3  4  5 |
---------------+----------------+-----
Long Blades    | 2 3 |  3.8
Shields        | 3 |  3.5
Dodging        | 1 2 |  2.0
Armour         | 3 |  3.3
Fighting       | |  3.7

Action                   |  1- 3 |  4- 6 || total
-------------------------+-------+-------++-------
Melee: Long sword        |   148 |   105 ||   253
       Kick              |    35 |    31 ||    66
  Use: Scroll            |     1 |     5 ||     6
  Eat: Chunk             |     2 |     7 ||     9
Armor: Scale mail        |    85 |    20 ||   105
       Robe              |       |    13 ||    13
Dodge: Dodged            |    62 |    47 ||   109
Block: Shield            |    87 |    57 ||   144
       Rpst.: Long sword |    23 |    15 ||    38
